 Dungeon Crawl Stone Soup version 0.31.0-32-g396128a36d (webtiles) character file.

Game seed: 10611965362377990458

772 Peloso the Covered (level 7, 0/61 HPs)
             Began as a Minotaur Fighter on Mar 24, 2024.
             Succumbed to a kobold brigand's poison
             ... on level 4 of the Dungeon.
             The game lasted 00:10:48 (3388 turns).

Peloso the Covered (Minotaur Fighter)               Turns: 3388, Time: 00:10:49

Health: 0/61       AC: 13    Str: 20    XL:     7   Next: 53%
Magic:  6/6        EV:  6    Int:  5    God:
Gold:   298        SH:  5    Dex: 12    Spells: 6/6 levels left

rFire   . . .        a - +0 long sword
rCold   . . .        d - +0 buckler
rNeg    . . .        h - +0 plate armour
rPois   .            (helmet restricted)
rElec   .            (no cloak)
rCorr   .            (no gloves)
SInv    .            (no boots)
Will    .....        (no amulet) Stlth
                     (no ring)
HPRegen 0.30/turn    (no ring)
MPRegen 0.10/turn

%: no passive effects
@: lethally poisoned (0 -> -12)
A: horns 2, retaliatory headbutt, no potion heal 1
a: no special abilities


You were on level 4 of the Dungeon.
You visited 1 branch of the dungeon, and saw 4 of its levels.

You collected 298 gold pieces.

Inventory:

Hand Weapons
 a - a +0 long sword (weapon)
Armour
 b - a +0 scale mail
 c - a +0 chain mail
 d - a +0 buckler (worn)
 h - a +0 plate armour (worn)
Jewellery
 q - an amulet of regeneration
Wands
 n - a wand of polymorph (13)
 p - a wand of charming (8)
Scrolls
 e - a scroll of acquirement
 f - a scroll of amnesia {unknown}
 i - a scroll of butterflies {unknown}
 j - 3 scrolls of identify
 k - a scroll of teleportation
 l - a scroll of revelation {unknown}
 m - a scroll of torment {unknown}
 r - 2 scrolls of enchant weapon {unknown}
 s - a scroll of poison
 t - a scroll of fog {unknown}
 u - a scroll of fear {unknown}


   Skills:
 + Level 5.3 Fighting
 + Level 6.5 Long Blades
 + Level 6.8 Armour
 + Level 0.7 Dodging
 + Level 5.0 Shields
 + Level 0.2 Unarmed Combat


You had 6 spell levels left.
You didn't know any spells.
Your spell library contained the following spells:

 Spells                   Type           Power      Damage    Failure   Level
 Lesser Beckoning         Tloc           0%         N/A       100%        2
 Mercury Vapours          Alch/Air       0%         N/A       100%        2
 Gell's Gravitas          Tloc           0%         N/A       100%        3
 Mephitic Cloud           Conj/Alch/Air  0%         N/A       100%        3
 Teleport Other           Tloc           0%         N/A       100%        3
 Tukima's Dance           Hex            0%         N/A       100%        3
 Dimensional Bullseye     Hex/Tloc       0%         N/A       100%        4
 Iskenderun's Mystic Bla  Conj/Tloc      0%         2d3       100%        4
 Freezing Cloud           Conj/Ice/Air   0%         6-21      100%        5


Dungeon Overview and Level Annotations

Branches:
Dungeon (4/15)
 Temple: D:4-7

Altars:
Cheibriados
Kikubaaqudgha
Qazlal
Ru
Zin

Annotations:
D:3 1 runed translucent door, Crazy Yiuf


Innate Abilities, Weirdness & Mutations

You have a pair of horns on your head.
You reflexively headbutt those who attack you in melee.
Potions are less effective at restoring your health.


Message History

You feel extremely sick.
The kobold brigand hits you with a +2 dagger of venom.
* * * LOW HITPOINT WARNING * * *
You are more poisoned.
It was a potion of heal wounds.
You feel much better.
You feel extremely sick. You block the kobold brigand's attack.
You hit the kobold brigand but do no damage.
The kobold brigand is heavily wounded.
You feel extremely sick.
The kobold brigand hits you but does no damage.
You are more poisoned.
Unknown command.
You hit the kobold brigand. You headbutt the kobold brigand.
The kobold brigand is severely wounded.
You feel very sick.
The kobold brigand hits you but does no damage.
You are lethally poisoned!
Unknown command.
You hit the kobold brigand.
You headbutt the kobold brigand, but do no damage.
The kobold brigand is almost dead.
* * * LOW HITPOINT WARNING * * *
You feel extremely sick. The kobold brigand barely misses you.
Unknown command.
You hit the kobold brigand but do no damage.
The kobold brigand is almost dead.
* * * LOW HITPOINT WARNING * * *
You feel very sick.
The kobold brigand hits you but does no damage. x2
Unknown command.
You hit the kobold brigand. You headbutt the kobold brigand.
You kill the kobold brigand!
* * * LOW HITPOINT WARNING * * *
You feel very sick.
Unknown command.
It was a potion of mutation.
You feel extremely strange.
Your system partially rejects the healing effects of potions.
You die...

.........# #.. #.#
###.###### ..## #.# #.#
#..# ##.## #.# #..# #....
#.# #..# #####.### #.#
#gK# #.....# # ###.###
#KK# #.###.### #.....#
##g# #.# #....
#.###.###### #@# #.#
###.# #.# #......# #.#
###.#####.# #.###.####.##
#.# #.........# #..|..#
#...####.######.#.#####.#
#######
#.#.............#.# #.#
#...###.#.........# #.#
##### #...######### #..
##### ###


You could see 2 hobgoblins and 3 kobolds.

Vanquished Creatures
  Duvessa (D:4)
  2 ogres (D:4)
  Blork the orc (D:4)
  A kobold brigand (D:4)
  Dowan (D:4)
  A howler monkey (D:4)
  3 bombardier beetles
  A hound (D:4)
  Jessica (D:3)
  Ijyb (D:3)
  Terence (D:2)
  2 adders
  3 dart slugs
  3 ribbon worms (D:4)
  4 orcs (D:3)
  5 endoplasms
  7 goblins
  5 hobgoblins
  A jackal (D:4)
  4 quokkas
  5 ball pythons (D:1)
  5 bats
  8 kobolds
  2 rats
68 creatures vanquished.

Notes
Turn   | Place    | Note
-------+----------+-------------------------------------------
     0 | D:1      | Peloso the Minotaur Fighter began the quest for the Orb.
     0 | D:1      | Reached XP level 1. HP: 19/19 MP: 0/0
    95 | D:1      | Reached XP level 2. HP: 27/27 MP: 1/1
   426 | D:1      | Found a faded altar of an unknown god.
   530 | D:2      | Reached XP level 3. HP: 27/33 MP: 2/2
   629 | D:2      | Found a sacrificial altar of Ru.
   836 | D:2      | Noticed Terence
   848 | D:2      | Killed Terence
  1328 | D:2      | Identified a scroll of acquirement
  1412 | D:3      | Reached XP level 4. HP: 40/40 MP: 3/3
  1412 | D:3      | Noticed Ijyb
  1426 | D:3      | Killed Ijyb
  1550 | D:3      | Reached XP level 5. HP: 34/47 MP: 4/4
  1611 | D:3      | Found a glowing silver altar of Zin.
  1660 | D:3      | Found a stormy altar of Qazlal.
  1761 | D:3      | Noticed Jessica
  1767 | D:3      | Killed Jessica
  1996 | D:3      | Found a runed translucent door.
  1997 | D:3      | Noticed Crazy Yiuf
  2063 | D:4      | Noticed Dowan
  2064 | D:4      | Noticed Duvessa
  2120 | D:4      | Noticed Blork the orc
  2135 | D:4      | Killed Blork the orc
  2136 | D:4      | Reached skill level 5 in Armour
  2255 | D:4      | Reached XP level 6. HP: 45/55 MP: 5/5
  2258 | D:4      | Reached skill level 5 in Long Blades
  2504 | D:4      | Found a snail-covered altar of Cheibriados.
  2507 | D:4      | Found an ancient bone altar of Kikubaaqudgha.
  2526 | D:4      | Reached skill level 5 in Fighting
  2530 | D:4      | Killed Duvessa
  2531 | D:4      | Reached XP level 7. HP: 16/61 MP: 6/6
  2541 | D:4      | HP: 3/61 [Dowan/stone arrow (5)]
  2546 | D:4      | Killed Dowan
  2775 | D:4      | Reached skill level 5 in Shields
  3387 | D:4      | HP: 3/61 [poisoned by a kobold brigand]
  3388 | D:4      | Gained mutation: Potions are less effective at restoring
                  | your health. [potion of mutation]
  3388 | D:4      | Succumbed to a kobold brigand's poison

Illustrated notes

Levels and vault maps discovered:
D:1:      dpeg_arrival_court, layout_rooms, shapermc_ecumenical_altar_pompeii,
          minmay_tiny_reverse_x
D:2:      layout_basic, basic_altar, uniq_terence
D:3:      layout_basic, mainiacjoe_overflow_concentric_impassable,
          nicolae_qazlal_general_emergency, uniq_crazy_yiuf_cottage, uniq_ijyb,
          uniq_jessica
D:4:      cheibrodos_thug_alley, layout_loops_ring, jmf_multi_god_temple,
          minmay_liquid_box, kennysheep_opposing_triangles, uniq_blork_the_orc,
          uniq_duvessa

Skill      XL: |  1  2  3  4  5  6  7 |
---------------+----------------------+-----
Shields        | 4 5 |  5.0
Fighting       | 4 5 |  5.3
Armour         | 4 5 6 |  6.8
Long Blades    | 3 4 5 6 |  6.5
Dodging        | |  0.7
Unarmed Combat | |  0.2

Action                     |  1- 3 |  4- 6 |  7- 9 || total
---------------------------+-------+-------+-------++-------
  Melee: Long sword        |    83 |    80 |    45 ||   208
         Headbutt          |    13 |    14 |    10 ||    37
         Unarmed           |       |     2 |       ||     2
    Use: Scroll            |     5 |       |       ||     5
         Potion            |     1 |     1 |     3 ||     5
 Armour: Scale mail        |    48 |       |       ||    48
         Plate armour      |    12 |    64 |    40 ||   116
         Chain mail        |     3 |       |       ||     3
  Dodge: Dodged            |    48 |    32 |     9 ||    89
  Block: Buckler           |    19 |    19 |    15 ||    53
